 Dungeon Crawl Stone Soup version 0.21.1-1-g345015f (webtiles) character file.

7630 vatarom the Fighter (level 11, -2/92 HPs)
             Began as a Gnoll Wanderer on May 25, 2018.
             Slain by an orc warrior
             ... wielding a +3 hand axe
              (20 damage)
             ... on level 10 of the Dungeon.
             The game lasted 00:20:23 (12279 turns).

vatarom the Fighter (Gnoll Wanderer)               Turns: 12279, Time: 00:20:24

Health: -2/92      AC:  7    Str: 19    XL:     11   Next: 18%
Magic:  19/19      EV: 17    Int: 19    God:
Gold:   366        SH:  0    Dex: 16    Spells: 15/21 levels left

rFire    . . .     SeeInvis .   a - +4 quarterstaff (chaos)
rCold    . . .     Gourm    .   (shield currently unavailable)
rNeg     . . .     Faith    .   c - +0 ring mail
rPois    .         Spirit   .   (helmet restricted)
rElec    .         Reflect  .   y - +0 cloak
rCorr    .         Harm     .   (no gloves)
MR       .....                  (no boots)
Stlth    ++++......             u - amulet of rage
HPRegen  0.25/turn              B - +2 ring of evasion
MPRegen  0.16/turn              G - ring of Qeff {Str+3 Int+4}

@: hasted and slowed
A: distributed training, antennae 1, fangs 1, camouflage 1, strong nose
a: Evoke Berserk Rage


You were on level 10 of the Dungeon.
You were hungry.

You visited 2 branches of the dungeon, and saw 11 of its levels.

You collected 366 gold pieces.

Inventory:

Hand Weapons
 a - a +4 quarterstaff of chaos (weapon)
 b - a +2 blowgun
 x - a +0 halberd
Missiles
 p - 61 poisoned needles
Armour
 c - a +0 ring mail (worn)
 n - a +0 helmet
 y - a +0 cloak (worn)
Jewellery
 u - an amulet of rage (around neck)
 B - a +2 ring of evasion (left hand)
 G - the ring of Qeff (right hand) {Str+3 Int+4}
   (You found it on level 10 of the Dungeon)

   [ring of intelligence]

   It affects your strength (+3).
   It affects your intelligence (+4).
Wands
 e - a wand of iceblast (6)
 q - a wand of acid (20)
 s - a wand of flame (38)
 E - a wand of paralysis (8)
Scrolls
 g - 2 scrolls of remove curse
 h - a scroll of teleportation
 i - 2 scrolls of noise {unknown}
 j - 5 scrolls of identify
 k - 2 scrolls of magic mapping
 l - 2 scrolls of enchant weapon
 m - 3 scrolls of amnesia
 r - a scroll of fog
 t - 2 scrolls of blinking
 z - a scroll of enchant armour {unknown}
 A - 3 scrolls of silence
 C - a scroll of fear {unknown}
Potions
 d - 3 potions of agility
 o - a potion of magic
 v - a potion of brilliance
 w - a potion of cancellation
 H - a potion of might
Books
 D - a book of Conjurations

   Spells                             Type                      Level
   a - Magic Dart                     Conjuration                  1
   b - Searing Ray                    Conjuration                  2
   c - Dazzling Spray                 Conjuration/Hexes            3
   d - Fulminant Prism                Conjuration/Hexes            4
   e - Force Lance                    Conjuration/Translocation    4
   f - Iskenderun's Mystic Blast      Conjuration                  4
Comestibles
 f - 8 rations


   Skills:
 + Level 10.3 Fighting
 + Level 5.9 Short Blades
 + Level 5.9 Long Blades
 + Level 5.9 Axes
 + Level 5.9 Maces & Flails
 + Level 6.5 Polearms
 + Level 5.9 Staves
 + Level 5.9 Slings
 + Level 6.5 Bows
 + Level 5.9 Crossbows
 + Level 6.5 Throwing
 + Level 6.5 Armour
 + Level 5.9 Dodging
 + Level 6.4 Stealth
 + Level 6.5 Shields
 + Level 5.9 Unarmed Combat
 + Level 5.9 Spellcasting
 + Level 4.9 Conjurations
 + Level 4.9 Hexes
 + Level 4.9 Charms
 + Level 4.9 Summonings
 + Level 4.9 Necromancy
 + Level 4.9 Translocations
 + Level 4.9 Transmutations
 + Level 4.9 Fire Magic
 + Level 4.9 Ice Magic
 + Level 4.9 Air Magic
 + Level 4.9 Earth Magic
 + Level 4.9 Poison Magic
 + Level 6.5 Invocations
 + Level 5.9 Evocations


You had 15 spell levels left.
You knew the following spells:

 Your Spells              Type           Power        Failure   Level  Hunger
a - Magic Dart            Conj           ###.         2%          1    None
b - Searing Ray           Conj           ###...       3%          2    None
c - Dazzling Spray        Conj/Hex       ###...       7%          3    ##.....


Dungeon Overview and Level Annotations

Branches:
Dungeon (10/15)            Temple (1/1) D:7
   Lair: D:8-11         Orc: D:9-12

Altars:
Ashenzari
Cheibriados
Dithmenos
Elyvilon
Fedhas
Gozag
Hepliaklqana
Kikubaaqudgha
Makhleb
Nemelex Xobeh
Okawaru
Qazlal
Ru
Sif Muna
Trog
Uskayaw
Vehumet
Wu Jian
Xom
Yredelemnul
Zin
The Shining One

Shops:
D:9 :


Innate Abilities, Weirdness & Mutations

Your experience applies equally to all skills.
You have very sharp teeth.
Your uncanny sense of smell can sniff out nearby items.
You have a pair of small antennae on your head.
Your skin changes colour to match your surroundings (Stealth+).


Message History

You hit the orc warrior.
Lightning courses through the orc warrior!
The orc warrior is heavily wounded.
The orc wizard gestures wildly while chanting.
The orc wizard seems to speed up.
The orc warrior barely misses you.
You hit the orc warrior but do no damage.
The orc warrior is poisoned.
The orc warrior is heavily wounded.
The orc warrior hits you with an enchanted hand axe!
You barely miss the orc warrior.
The orc warrior is heavily wounded.
The orc warrior hits you with an enchanted hand axe!
* * * LOW HITPOINT WARNING * * *
The orc warrior hits you with an enchanted hand axe!
* * * LOW HITPOINT WARNING * * *
The orc wizard mumbles some strange words.
The orc wizard blinks!
You feel yourself speed up.
The orc warrior hits you with an enchanted hand axe!!
You die...

##################
......(.........#
#..............#
#............o{#
###.........####o#
............# #@#
###'##......####.#
.....#.#.......>.#
.....'.#........o#
.....#.#......##.#
.....#........##.#
.....#...........#
###'##...........#
.......#####.....


You could see an orc warrior, an orc wizard and an orc.

Vanquished Creatures
  A two-headed ogre (D:8)
  The ghost of Setanta the Fighter, a novice MiFi (D:5)
  Pikel (D:7)
  A komodo dragon (D:9)
  2 trolls
  A hornet (D:9)
  A hippogriff (D:8)
  5 yaks (D:9)
  The ghost of empire the Covered, an amateur MiFi (D:4)
  2 orc warriors
  A porcupine (D:8)
  3 slaves (D:7)
  2 sky beasts
  4 ice beasts
  3 phantoms
  3 ogres
  5 centaurs
  2 big kobolds
  A gnoll sergeant (D:8)
  4 bullfrogs
  3 scorpions
  4 wights
  4 howler monkeys
  5 crimson imps
  3 centaur zombies
  2 bullfrog skeletons
  8 hounds
  2 jellies
  8 orc priests
  Crazy Yiuf (D:6)
  3 orc wizards
  An iguana (D:5)
  Terence (D:3)
  3 worker ants (D:5)
  A hound zombie (D:5)
  Robin (D:3)
  10 adders
  17 gnolls
  4 shadow imps
  An ooze (D:5)
  3 worms
  A dart slug (D:1)
  3 leopard geckos
  17 orcs
  2 ball pythons
  4 giant cockroaches
  13 goblins
  6 hobgoblins
  11 jackals
  2 quokkas
  4 bats
  3 frilled lizards
  16 kobolds
  A leopard gecko skeleton (D:7)
  3 quokka skeletons
  4 rats
219 creatures vanquished.

Vanquished Creatures (others)
  A jelly (D:10)
1 creature vanquished.

Grand Total: 220 creatures vanquished

Notes
Turn   | Place    | Note
-------+----------+-------------------------------------------
     0 | D:1      | vatarom the Gnoll Wanderer began the quest for the Orb.
     0 | D:1      | vatarom set off with: 4 curare-tipped needles, a +2 blowgun, a +0 ring mail, a +0 spear, a ration
     0 | D:1      | Reached XP level 1. HP: 26/26 MP: 1/1
   147 | D:1      | Reached XP level 2. HP: 33/33 MP: 2/2
   729 | D:2      | Reached XP level 3. HP: 27/38 MP: 3/3
  1047 | D:2      | Reached skill level 1 in Invocations
  1468 | D:3      | Reached skill level 1 in Short Blades
  1468 | D:3      | Reached skill level 1 in Long Blades
  1468 | D:3      | Reached skill level 1 in Axes
  1468 | D:3      | Reached skill level 1 in Maces & Flails
  1468 | D:3      | Reached skill level 1 in Staves
  1468 | D:3      | Reached skill level 1 in Slings
  1468 | D:3      | Reached skill level 1 in Crossbows
  1468 | D:3      | Reached skill level 1 in Dodging
  1468 | D:3      | Reached skill level 1 in Unarmed Combat
  1468 | D:3      | Reached skill level 1 in Spellcasting
  1468 | D:3      | Reached skill level 1 in Evocations
  1494 | D:3      | Reached XP level 4. HP: 45/45 MP: 5/5
  1522 | D:3      | Reached skill level 1 in Conjurations
  1522 | D:3      | Reached skill level 1 in Hexes
  1522 | D:3      | Reached skill level 1 in Charms
  1522 | D:3      | Reached skill level 1 in Summonings
  1522 | D:3      | Reached skill level 1 in Necromancy
  1522 | D:3      | Reached skill level 1 in Translocations
  1522 | D:3      | Reached skill level 1 in Transmutations
  1522 | D:3      | Reached skill level 1 in Fire Magic
  1522 | D:3      | Reached skill level 1 in Ice Magic
  1522 | D:3      | Reached skill level 1 in Air Magic
  1522 | D:3      | Reached skill level 1 in Earth Magic
  1522 | D:3      | Reached skill level 1 in Poison Magic
  1732 | D:3      | Reached XP level 5. HP: 35/51 MP: 6/6
  1778 | D:3      | Noticed Robin
  2129 | D:3      | Noticed Terence
  2151 | D:3      | Killed Terence
  2461 | D:3      | Killed Robin
  2716 | D:4      | Noticed empire's ghost (amateur MiFi)
  2724 | D:4      | Killed empire's ghost
  2724 | D:4      | Reached XP level 6. HP: 30/57 MP: 7/9
  3164 | D:4      | Noticed a phantom
  3182 | D:4      | Killed a phantom
  3224 | D:4      | Reached XP level 7. HP: 55/63 MP: 10/10
  4299 | D:5      | Entered Level 5 of the Dungeon
  4332 | D:5      | HP: 2/63 [centaur (7)]
  4700 | D:5      | Reached skill level 9 in Fighting
  4779 | D:5      | Reached XP level 8. HP: 57/71 MP: 12/12
  5061 | D:5      | Found a shadowy altar of Dithmenos.
  5068 | D:5      | Noticed Setanta's ghost (novice MiFi)
  5097 | D:5      | Killed Setanta's ghost
  5638 | D:5      | Reached XP level 9. HP: 69/76 MP: 14/14
  5755 | D:5      | Gained mutation: You have a pair of small antennae on your head. [potion of mutation]
  5755 | D:5      | Gained mutation: Your skin changes colour to match your surroundings (Stealth+). [potion of mutation]
  5919 | D:6      | Found a shimmering altar of Xom.
  6468 | D:6      | Found a runed door.
  6585 | D:6      | Noticed Crazy Yiuf
  6592 | D:6      | Killed Crazy Yiuf
  7080 | D:7      | Reached skill level 5 in Polearms
  7080 | D:7      | Reached skill level 5 in Bows
  7080 | D:7      | Reached skill level 5 in Throwing
  7080 | D:7      | Reached skill level 5 in Armour
  7080 | D:7      | Reached skill level 5 in Shields
  7141 | D:7      | Found a staircase to the Ecumenical Temple.
  7148 | Temple   | Entered the Ecumenical Temple
  7568 | D:7      | Noticed Pikel
  7590 | D:7      | Killed Pikel
  7590 | D:7      | Reached skill level 5 in Stealth
  7961 | D:7      | Found a bloodstained altar of Trog.
  8203 | D:8      | Reached skill level 5 in Invocations
  8413 | D:8      | Reached XP level 10. HP: 56/85 MP: 15/17
  8732 | D:8      | Learned a level 1 spell: Magic Dart
  8735 | D:8      | Learned a level 2 spell: Searing Ray
  8739 | D:8      | Learned a level 3 spell: Dazzling Spray
  8750 | D:8      | Got a fine battleaxe
  8751 | D:8      | Identified the +5 battleaxe of Trauma {pain, -Tele +Rage Str+9 Int-3} (You found it on level 8 of the Dungeon)
  8761 | D:8      | Noticed a two-headed ogre
  9055 | D:8      | Reached skill level 5 in Short Blades
  9055 | D:8      | Reached skill level 5 in Long Blades
  9055 | D:8      | Reached skill level 5 in Axes
  9055 | D:8      | Reached skill level 5 in Maces & Flails
  9055 | D:8      | Reached skill level 5 in Staves
  9055 | D:8      | Reached skill level 5 in Slings
  9055 | D:8      | Reached skill level 5 in Crossbows
  9055 | D:8      | Reached skill level 5 in Dodging
  9055 | D:8      | Reached skill level 5 in Unarmed Combat
  9055 | D:8      | Reached skill level 5 in Spellcasting
  9055 | D:8      | Reached skill level 5 in Evocations
  9204 | D:8      | Killed a two-headed ogre
  9204 | D:8      | Reached skill level 10 in Fighting
 10735 | D:9      | Found Weleple's Book Boutique.
 10826 | D:9      | Paralysed by a hornet for 3 turns
 10834 | D:9      | Reached XP level 11. HP: 36/91 MP: 19/19
 11271 | D:10     | Entered Level 10 of the Dungeon
 12166 | D:10     | Got a scorched marble ring
 12170 | D:10     | Identified the ring of Qeff {Str+3 Int+4} (You found it on level 10 of the Dungeon)
 12279 | D:10     | Slain by an orc warrior

Skill      XL: |  1  2  3  4  5  6  7  8  9 10 |
---------------+-------------------------------+-----
Invocations    | 1 2 3 4 5 6 |  6.5
Short Blades   | 1 2 3 4 5 |  5.9
Long Blades    | 1 2 3 4 5 |  5.9
Axes           | 1 2 3 4 5 |  5.9
Maces & Flails | 1 2 3 4 5 |  5.9
Staves         | 1 2 3 4 5 |  5.9
Slings         | 1 2 3 4 5 |  5.9
Crossbows      | 1 2 3 4 5 |  5.9
Dodging        | 1 2 3 4 5 |  5.9
Unarmed Combat | 1 2 3 4 5 |  5.9
Spellcasting   | 1 2 3 4 5 |  5.9
Evocations     | 1 2 3 4 5 |  5.9
Conjurations   | 1 2 3 4 |  4.9
Hexes          | 1 2 3 4 |  4.9
Charms         | 1 2 3 4 |  4.9
Summonings     | 1 2 3 4 |  4.9
Necromancy     | 1 2 3 4 |  4.9
Translocations | 1 2 3 4 |  4.9
Transmutations | 1 2 3 4 |  4.9
Fire Magic     | 1 2 3 4 |  4.9
Ice Magic      | 1 2 3 4 |  4.9
Air Magic      | 1 2 3 4 |  4.9
Earth Magic    | 1 2 3 4 |  4.9
Poison Magic   | 1 2 3 4 |  4.9
Polearms       | 3 4 5 6 |  6.5
Bows           | 3 4 5 6 |  6.5
Throwing       | 3 4 5 6 |  6.5
Armour         | 3 4 5 6 |  6.5
Shields        | 3 4 5 6 |  6.5
Stealth        | 3 4 5 6 |  6.4
Fighting       | 9 10 | 10.3

Action                   |  1- 3 |  4- 6 |  7- 9 | 10-12 || total
-------------------------+-------+-------+-------+-------++-------
Melee: Spear             |   161 |    33 |       |       ||   194
       Bite              |    11 |     9 |    34 |    30 ||    84
       Halberd           |       |   106 |   245 |       ||   351
       Quarterstaff      |       |       |   115 |   208 ||   323
       Battleaxe         |       |       |       |     6 ||     6
 Fire: Blowgun           |       |       |    20 |    36 ||    56
Throw: Throwing net      |       |       |     1 |       ||     1
Evoke: Wand              |       |       |     4 |       ||     4
  Use: Potion            |     2 |     3 |     6 |     5 ||    16
       Scroll            |       |     5 |     8 |     5 ||    18
 Stab: Sleeping          |     3 |     1 |     7 |     6 ||    17
       Distracted        |       |     1 |       |     1 ||     2
       Held in net/web   |       |       |     2 |       ||     2
       Invisible         |       |       |       |     1 ||     1
       Paralysed         |       |       |       |     1 ||     1
  Eat: Chunk             |     2 |     4 |     3 |       ||     9
       Ration            |       |     1 |     4 |     3 ||     8
Armor: Ring mail         |    51 |    46 |   116 |    45 ||   258
       Skin              |    13 |    21 |    22 |       ||    56
Dodge: Dodged            |    72 |    74 |   253 |   172 ||   571
